 Dungeon Crawl Stone Soup version 0.20.1-1-g8b1a95d (webtiles) character file.

94 homeworkjunkie the Skirmisher (level 4, 0/41 HPs)
             Began as a Hill Orc Fighter on Nov 20, 2017.
             Succumbed to an adder's poison
             ... on level 3 of the Dungeon.
             The game lasted 00:01:54 (1342 turns).

homeworkjunkie the Skirmisher (Hill Orc Fighter)    Turns: 1342, Time: 00:01:54

Health: 0/41       AC:  7    Str: 21 (24) XL:     4   Next: 63%
Magic:  4/4        EV:  7    Int:  6 (8)  God:
Gold:   67         SH:  9    Dex:  7 (10) Spells: 3/3 levels left

rFire    . . .     SeeInvis .   a - +0 war axe
rCold    . . .     Gourm    .   c - +0 shield
rNeg     . . .     Faith    .   b - +0 scale mail
rPois    .         Spirit   .   (no helmet)
rElec    .         Reflect  .   (no cloak)
rCorr    .         Harm     .   (no gloves)
MR       .....                  (no boots)
Stlth    ..........             (no amulet)
Regen    0.2/turn               (no ring)
MPRegen  0.1/turn               (no ring)

@: mighty, lethally poisoned (0 -> -5)
A: no striking features
a: no special abilities


You were on level 3 of the Dungeon.
You were full.

You visited 1 branch of the dungeon, and saw 5 of its levels.

You collected 67 gold pieces.

Inventory:

Hand Weapons
 a - a +0 war axe (weapon)
Armour
 b - a +0 scale mail (worn)
 c - a +0 shield (worn)
Scrolls
 e - 5 scrolls of identify {unknown}
 g - a scroll of enchant weapon {unknown}


   Skills:
 * Level 4.6 Fighting
 * Level 4.2 Axes
 * Level 3.8 Armour
 + Level 0.1 Dodging
 * Level 3.7 Shields


You had 3 spell levels left.
You didn't know any spells.

Dungeon Overview and Level Annotations

Branches:
Dungeon (5/15)
 Temple: D:4-7

Altars:
Ashenzari

Annotations:
D:3 pichaelthompson's ghost, amateur DsBe


Message History

Pichaelthompson's ghost hits you but does no damage.
You closely miss pichaelthompson's ghost.
Pichaelthompson's ghost is severely damaged.
You miss the adder. The adder bites you but does no damage.
Pichaelthompson's ghost hits you.
* * * LOW HITPOINT WARNING * * *
The adder barely misses you.
You closely miss pichaelthompson's ghost.
Pichaelthompson's ghost is severely damaged.
You slash the adder! Pichaelthompson's ghost hits you.
* * * LOW HITPOINT WARNING * * *
The adder bites you.
* * * LOW HITPOINT WARNING * * *
You are lethally poisoned!
The adder poisons you!
You block pichaelthompson's ghost's attack.
You completely miss pichaelthompson's ghost.
Pichaelthompson's ghost is severely damaged.
You barely miss the adder.
You die...

#.[...>............
#.....####.######.#.#
#รท......# .# .#.#
#.#####.# .# ##.#.#
#<....#.# .# #....#
#.###.#.# >. +....####
#.###.#.########........
#.....#..(((()).........
################@W.####
#.S...... ####.#### #


You could see pichaelthompson's ghost and an adder.

Vanquished Creatures
  An orc wizard (D:3)
  3 adders (D:2)
  3 worms
  3 dart slugs
  2 leopard geckos (D:1)
  4 orcs (D:3)
  A bat (D:1)
  A giant cockroach (D:1)
  A goblin (D:1)
  4 frilled lizards
  2 kobolds
  3 rats
28 creatures vanquished.

Notes
Turn   | Place    | Note
-------+----------+-------------------------------------------
     0 | D:1      | homeworkjunkie the Hill Orc Fighter began the quest for the Orb.
     0 | D:1      | Reached XP level 1. HP: 19/19 MP: 1/1
     2 | D:1      | Noticed an ogre
     4 | D:1      | Noticed an octopode
     4 | D:1      | Noticed a troll
     6 | D:1      | Noticed a naga
     8 | D:1      | Noticed a vampire
     8 | D:1      | Noticed an elf
    10 | D:1      | Noticed a dwarf
    10 | D:1      | Noticed a tengu
    12 | D:1      | Noticed a human
    12 | D:1      | Noticed a demigod
    14 | D:1      | Noticed a felid
    14 | D:1      | Noticed a halfling
    16 | D:1      | Noticed a minotaur
    18 | D:1      | Noticed a ghoul
    18 | D:1      | Noticed a vine stalker
    20 | D:1      | Noticed a formicid
    22 | D:1      | Noticed a centaur
    22 | D:1      | Noticed a demonspawn
    24 | D:1      | Noticed a merfolk
    24 | D:1      | Noticed a draconian
    26 | D:1      | Noticed a spriggan
    26 | D:1      | Noticed a gargoyle
   113 | D:1      | Reached XP level 2. HP: 17/27 MP: 2/2
   274 | D:2      | Reached XP level 3. HP: 30/33 MP: 3/3
   338 | D:2      | Found a shattered altar of Ashenzari.
   654 | D:5      | Entered Level 5 of the Dungeon
   708 | D:2      | Reached XP level 4. HP: 32/41 MP: 4/4
  1085 | D:3      | HP: 1/41 [orc/trident (3)]
  1330 | D:3      | Noticed pichaelthompson's ghost (amateur DsBe)
  1341 | D:3      | HP: 1/41 [adder (2)]
  1342 | D:3      | Succumbed to an adder's poison

Skill      XL: |  1  2  3  4 |
---------------+-------------+-----
Axes           | 3 4 |  4.2
Fighting       | 4 |  4.6
Armour         | |  3.8
Dodging        | |  0.1
Shields        | |  3.7

Action                   |  1- 3 |  4- 6 || total
-------------------------+-------+-------++-------
Melee: War axe           |    72 |    55 ||   127
  Use: Potion            |       |     4 ||     4
  Eat: Bread ration      |       |     1 ||     1
       Royal jelly       |       |     1 ||     1
Armor: Scale mail        |    26 |    18 ||    44
Dodge: Dodged            |    20 |    11 ||    31
Block: Shield            |    42 |    19 ||    61
